 Dungeon Crawl Stone Soup version 0.29-a0-344-ge2f44be95a (webtiles) character file.

Game seed: 16282221151550248710

1 zeratav the Conjurer (level 1, -1/11 HPs)
             Began as an Octopode Conjurer on Apr 21, 2022.
             Slain by a kobold
             ... wielding a +0 dagger
              (3 damage)
             ... on level 1 of the Dungeon.
             The game lasted 00:00:10 (21 turns).

zeratav the Conjurer (Octopode Conjurer)              Turns: 21, Time: 00:00:10

Health: -1/11      AC:  1    Str:  6    XL:     1   Next: 20%
Magic:  1/3        EV: 13    Int: 20    God:
Gold:   0          SH:  0    Dex: 10    Spells: 3/4 levels left

rFire   . . .      SeeInvis .   (no weapon)
rCold   . . .      Faith    .   (no shield)
rNeg    . . .      Spirit   .   (helmet restricted)
rPois   .          Reflect  .   (no amulet)
rElec   .          Harm     .   (no ring)
rCorr   .          Rampage  .   (no ring)
Will    .....                   (no ring)
Stlth   +++.......              (no ring)
HPRegen 0.03/turn               (no ring)
MPRegen 0.08/turn               (no ring)
                                (no ring)
                                (no ring)

@: no status effects
A: almost no armour, amphibious, 8 rings, camouflage 1, gelatinous body 1,
(nimble swimmer 1), tentacles
a: no special abilities


You were on level 1 of the Dungeon.
You visited 1 branch of the dungeon, and saw 1 of its levels.


Innate Abilities, Weirdness & Mutations

You cannot wear most types of armour.
You are amphibious.
You can wear up to eight rings at the same time.
Your skin changes colour to match your surroundings (Stealth+).
Your rubbery body absorbs attacks. (AC +1, EV +1)
((You are camouflaged when in or above water. (Stealth+)))
You have tentacles for arms and can constrict up to eight enemies at once.


   Skills:
 - Level 2.0 Dodging
 - Level 2.6 Stealth
 - Level 2.0 Spellcasting
 + Level 4.0 Conjurations


You had 3 spell levels left.
You knew the following spells:

 Your Spells              Type           Power      Damage    Failure   Level
a - Magic Dart            Conj           72%        1d6       3%          1

Your spell library contained the following spells:

 Spells                   Type           Power      Damage    Failure   Level
 Searing Ray              Conj           36%        2d5       4%          2
 Dazzling Flash           Conj/Hex       20%        N/A       21%         3
 Fulminant Prism          Conj/Hex       5%         3d7       56%         4
 Iskenderun's Mystic Bla  Conj/Tloc      10%        2d4       56%         4

Inventory:

Potions
 a - a potion of magic

Dungeon Overview and Level Annotations

Branches:
Dungeon (1/15)

Altars:

.......?..
.........##
..J.......#
..........
.........#
.........
......K.#
#####@#####
#.........#
#.[.......#
#..⌠...⌠..#
#.........#
+....<....+
#.........#
#..⌠...⌠..#
#.........#


You could see an endoplasm and a kobold.


Message History

🤖 Initializing magus.rc ... ✅ Successfully initialized magus.rc [v1.9.6] Welcome, zeratav the Octopode Conjurer.
The Orb of Zot is coveted for many reasons.
Will you seize it for your own?
Press ? for a list of commands and other information.
Found a leather armour.
Found a staircase leading out of the dungeon.
You open the door.
A giant cockroach comes into view.
You miscast Magic Dart.
You are very lightly contaminated with residual magic.
Nothing appears to happen.
MP[-1]
You lost 1 mp, and now have 2/3 mp.
The magic dart hits the giant cockroach.
MP[-1]
You lost 1 mp, and now have 1/3 mp.
The magic dart hits the giant cockroach but does no damage.
MP[-1]
You lost 1 mp, and now have 0/3 mp.
You are too depleted to draw on your mana recklessly!
You are too depleted to draw on your mana recklessly!
An endoplasm and a kobold come into view.
There is an open door here.
You barely miss the giant cockroach. Your grab misses the giant cockroach.
The giant cockroach barely misses you.
You tentacle-slap the giant cockroach but do no damage.
Your grab misses the giant cockroach.
You squeeze the giant cockroach, but do no damage.
The giant cockroach bites you. The giant cockroach barely misses you.
HP[-1]
You take 1 damage, and now have 10/11 hp.
You closely miss the giant cockroach. Your grab misses the giant cockroach.
The giant cockroach barely misses you.
Your magical contamination has completely faded away.
You tentacle-slap the giant cockroach but do no damage.
Your grab misses the giant cockroach.
You squeeze the giant cockroach, but do no damage.
The giant cockroach barely misses you.
You closely miss the giant cockroach. Your grab misses the giant cockroach.
The giant cockroach barely misses you.
You tentacle-slap the giant cockroach but do no damage.
You grab the giant cockroach.
You squeeze the giant cockroach, but do no damage.
You constrict the giant cockroach, but do no damage.
The giant cockroach bites you.
HP[-1]
You take 1 damage, and now have 9/11 hp.
You tentacle-slap the giant cockroach but do no damage.
You squeeze the giant cockroach.
You kill the giant cockroach!
The kobold closely misses you.
You closely miss the kobold. Your grab misses the kobold.
The kobold hits you with a +0 dagger.
HP[-1]
You take 1 damage, and now have 8/11 hp.
You are too injured to fight recklessly!
You are too injured to fight recklessly!
You are too injured to fight recklessly!
You are too injured to fight recklessly!
You are too injured to fight recklessly!
You are too injured to fight recklessly!
There are monsters nearby!
There are monsters nearby!
You barely miss the kobold. Your grab misses the kobold.
Your squeeze misses the kobold. The kobold closely misses you.
MP[+1]
You tentacle-slap the kobold but do no damage.
Your grab misses the kobold. The kobold hits you with a +0 dagger.
* * * LOW HITPOINT WARNING * * *
You closely miss the kobold. Your grab misses the kobold.
Your squeeze misses the kobold. The kobold hits you with a +0 dagger.
* * * LOW HITPOINT WARNING * * *
You closely miss the kobold. You grab the kobold. You squeeze the kobold.
You constrict the kobold, but do no damage.
The kobold hits you with a +0 dagger.
* * * LOW HITPOINT WARNING * * *
You tentacle-slap the kobold but do no damage.
You constrict the kobold. The kobold hits you with a +0 dagger.
You die...

Action                   || total
-------------------------++-------
Melee: Unarmed           ||    13
       Tentacles         ||     5
       Constrict         ||     2
 Cast: Magic Dart        ||     2
Dodge: Dodged            ||     7

Levels and vault maps discovered:
D:1:      mushboom_english_gardens, layout_rooms

Notes
Turn   | Place    | Note
-------+----------+-------------------------------------------
     0 | D:1      | zeratav the Octopode Conjurer began the quest for the Orb.
     0 | D:1      | Reached XP level 1. HP: 11/11 MP: 3/3
     0 | D:1      | magus.rc [v1.9.6]
    20 | D:1      | HP: 2/11 [kobold/+0 dagger (1)]
    21 | D:1      | Slain by a kobold

Vanquished Creatures
  A giant cockroach (D:1)
1 creature vanquished.

Table legend:
 A = Non-vault XP
 B = Vault XP
 C = Vault XP percentage of total XP
 D = Non-vault monster count
 E = Vault monster count
 F = Vault count percentage of total count
                 A         B        C        D         E       F
            +---------+---------+-------+---------+---------+-------
      Total |       2 |       0 |   0.0 |       1 |       0 |   0.0
            +---------+---------+-------+---------+---------+-------
        D:1 |       2 |       0 |   0.0 |       1 |       0 |   0.0
            +---------+---------+-------+---------+---------+-------

Illustrated notes

Table legend:
 A = Kills in this place as a percentage of kills in entire the game.
 B = Kills by you in this place as a percentage of kills by you in the entire game.
 C = Kills by friends in this place as a percentage of kills by friends in the entire game.
 D = Other kills in this place as a percentage of other kills in the entire game.
 E = Experience gained in this place as a percentage of experience gained in the entire game.
 F = Experience gained in this place divided by the number of levels of this place that you have seen.
                   A       B       C       D       E      F
               +-------+-------+-------+-------+-------+----------------------
         Total | 100.0 | 100.0 |   N/A |   N/A | 100.0 |   2.0
       Dungeon | 100.0 | 100.0 |   N/A |   N/A | 100.0 |   2.0
               +-------+-------+-------+-------+-------+----------------------

Table legend: (Time is in decaauts)
 A = Elapsed time spent in this place.
 B = Non-inter-level travel time spent in this place.
 C = Inter-level travel time spent in this place.
 D = Time resting spent in this place.
 E = Time spent auto-exploring this place.
 F = Levels seen in this place.
 G = Mean time per level.
                   A        B        C        D        E       F      G
               +--------+--------+--------+--------+--------+-----+--------+
         Total |     21 |     21 |      0 |      0 |      4 |   1 |   21.0 |
       Dungeon |     21 |     21 |      0 |      0 |      4 |   1 |   21.0 |
               +--------+--------+--------+--------+--------+-----+--------+

Top non-repeatable levels by time:
     D:1: 21 daAuts
